Cogmind - Beta 16.1 @@@ ROGUE MODE // 2026.03.14 @ 08:46:15 Player: RecursiveCharlatan Result: Destroyed by Piercing Trap Performance ------------- Evolutions (0) 0 Regions Visited (2) 400 Robots Destroyed (32) 160 Value Destroyed (845) 845 Prototype IDs (15) 300 Alien Tech Used (0) 0 Bonus (0) 0 TOTAL SCORE: 1705 Bonus ------- None Cogmind --------- Core Integrity 0/250 Matter 136/300 Energy 246/250 System Corruption 0% Temperature Cool (2) Movement Treading (240) Ox1 Location -10/Subcaves Parts ------- > --- POWER (1) -------- Ion Engine > --- PROPULSION (2) --- Light Treads Light Treads > --- UTILITY (2) ------ High-capacity Storage Unit Light Armor Plating > --- WEAPON (2) ------- Light Assault Rifle Grenade Launcher > --- INVENTORY (20) --- Meta Core Light Treads Assault Rifle Mining Laser SUBCON Basin (Full) Peak State ------------ > --- POWER ------------ Ion Engine > --- PROPULSION ------- Light Treads Light Treads > --- UTILITY ---------- High-capacity Storage Unit Light Armor Plating > --- WEAPON ----------- Subdweller Beam Cannon Assault Rifle > --- INVENTORY -------- Meta Core Light Armor Plating Subdweller Laser Mining Laser SUBCON Basin [Rating: 27] Favorites ----------- Power Light Ion Engine Engine Light Ion Engine Propulsion Light Treads Treads Light Treads Utility Seismic Detector Device Seismic Detector Storage Large Storage Unit Protection Light Armor Plating Weapon Assault Rifle Energy Cannon Subdweller Beam Cannon Ballistic Gun Assault Rifle Launcher Grenade Launcher Special Weapon Mining Laser Build | -11 -10 -10 ------- Run | Yrd Mat Sub Slots Evolved . | . . . Power . | . . . Propulsion . | . . . Utility . | . . . Weapon . | . . . Parts Attached 22 | 7 6 9 Power 3 | 1 . 2 Engine 3 | 1 . 2 Core . | . . . Reactor . | . . . Propulsion 6 | 2 2 2 Treads 6 | 2 2 2 Leg . | . . . Wheel . | . . . Hover . | . . . Flight . | . . . Utility 6 | 2 1 3 Device 1 | 1 . . Storage 3 | 1 1 1 Processor . | . . . Hackware . | . . . Protection 2 | . . 2 Artifact . | . . . Weapon 7 | 2 3 2 Energy Gun . | . . . Energy Cannon 1 | . . 1 Ballistic Gun 4 | 2 2 . Ballistic Cannon . | . . . Launcher 1 | . . 1 Special Weapon 1 | . 1 . Impact Weapon . | . . . Slashing Weapon . | . . . Piercing Weapon . | . . . Special Melee Weapon . | . . . Unidentified Prototypes . | . . . Parts Lost 6 | . . 6 Power 1 | . . 1 Propulsion 2 | . . 2 Utility 2 | . . 2 Weapon 1 | . . 1 Highest Loss Streak 3 | . . 3 To Critical Strikes . | . . . Average Backups 9 | 2 10 8 Power . | . 1 . Propulsion 3 | 1 4 2 Utility 2 | . 2 2 Weapon 2 | . 2 2 Tool/Special . | . . . Unused Backups 10 | . 2 8 Power 1 | . . 1 Propulsion 5 | . 2 3 Utility . | . . . Weapon 3 | . . 3 Tool/Special 1 | . . 1 Average Slot Usage (%) 99 | . 100 98 Engine 13 | . 14 12 Treads 27 | . 28 27 Device 8 | . 14 3 Storage 14 | . 14 14 Protection 5 | . . 10 Ballistic Gun 23 | . 25 22 Special Weapon 2 | . 2 2 Peak Build Rating 27 | 7 8 27 Average Rating 13 | 5 7 19 On Entrance 5 | . 7 8 Avg Prop Armor Cover (%) . | . . . Naked Turns . | . . . Heaviest Build 58 | 12 28 58 Greatest Support 40 | 40 40 40 Greatest Overweight (x) 1 | . . 1 Average Overweight (x) . | . . . Largest Inventory Capacity 20 | 8 15 20 Average Capacity 15 | 7 12 17 Most Carried 20 | 3 15 20 Average Carried 13 | 2 10 17 Final Capacity 20 | 8 15 20 Final Carried 19 | 3 15 19 Class Distribution -------------------- 100% | Mutant Dominant Class ---------------- Mutant | -10/Materials Mutant | -10/Subcaves Resources | -11 -10 -10 ----------- Run | Yrd Mat Sub Matter Collected 1002 | 294 354 354 Remotely . | . . . Salvage Created 1038 | 121 522 395 Parts 75 | 11 35 29 Haulers Intercepted 2 | . 2 . Recyclers Shooed 1 | . 1 . Parts Field Recycled . | . . . Retrieved Matter . | . . . Parts Self-Destructed 2 | . . 2 Prevented . | . . . Parts Restored . | . . . Kills | -11 -10 -10 ------- Run | Yrd Mat Sub Combat Hostiles Destroyed 22 | . 8 14 Guns 15 | . 8 7 AOE 7 | . . 7 Classes Destroyed 10 | 2 5 3 Builder 1 | . 1 . Tunneler 3 | 3 . . Hauler 2 | . 2 . Recycler 1 | 1 . . Operator 1 | . 1 . Watcher 2 | . 2 . Swarmer 4 | . . 4 Grunt 8 | . 8 . Artisan 1 | . . 1 Subdweller 10 | . . 10 Best Kill Streak 4 | 4 2 4 Combat Bots Only 4 | . 2 4 Max Kills in Single Turn 3 | 1 1 3 Gunslinging . | . . . Exploded 3 | . . 3 Melee . | . . . Uniques/NPCs Destroyed . | . . . Combat | -11 -10 -10 -------- Run | Yrd Mat Sub Hostile Shots Fired 140 | . 49 91 Missed 52 | . 15 37 Hits 88 | . 34 54 Projectile 88 | . 34 54 Critical Strikes 4 | . 2 2 Damage Taken 1484 | . 520 964 Core 257 | . 149 108 Absorbed by Shields . | . . . Core Remaining (%) 100 | 100 . . Volleys Fired 165 | 6 91 68 Largest 2 | 2 2 2 Hottest 100 | 40 100 100 Shots Fired 259 | 12 154 93 Gun 206 | 12 126 68 Cannon . | . . . Launcher 16 | . . 16 Special 37 | . 28 9 Kinetic 206 | 12 126 68 Thermal 37 | . 28 9 Explosive 16 | . . 16 Electromagnetic . | . . . Robot Hit Streak 11 | 3 11 10 Robot Miss Streak 4 | 1 3 4 Penetration Max . | . . . Secondary Targets 2 | . 2 . Max Gunslinging Chain 1 | . 1 . Shots Hit Robots 155 | 8 86 61 Core Hits 61 | 5 30 26 Critical Kills 1 | . . 1 Critical Parts Destroyed . | . . . Critical Strikes 1 | . . 1 Destroy 1 | . . 1 Melee Attacks . | . . . Impact . | . . . Slashing . | . . . Piercing . | . . . Sneak Attacks . | . . . Combat Hostiles . | . . . Follow-up Attacks . | . . . Damage Inflicted 2353 | 82 879 1392 Guns 1586 | 82 879 625 Cannons . | . . . Explosions 743 | . . 743 Melee . | . . . Ramming . | . . . Kinetic 1586 | 82 879 625 Thermal 24 | . . 24 Explosive 743 | . . 743 Electromagnetic . | . . . Impact . | . . . Slashing . | . . . Piercing . | . . . Highest Corruption . | . . . Average Corruption . | . . . Corruption Purged . | . . . Corruption Blocked . | . . . Overload Shots . | . . . Overflow Damage . | . . . Projectiles . | . . . Explosions . | . . . Melee . | . . . Knockbacks . | . . . Impact . | . . . Kinetic . | . . . Secondary . | . . . Self-Inflicted Damage . | . . . Shots . | . . . Rammed . | . . . Targets Rammed . | . . . Kicked . | . . . Crushed . | . . . Highest Temperature 80 | . 80 . Average Temperature 25 | . 25 . Received Heat Transfer 579 | . 303 276 Siege Activations . | . . . Martial Activations . | . . . Shielding Activations . | . . . Robots Disrupted . | . . . Combat Hostiles . | . . . Robots Corrupted . | . . . Combat Hostiles . | . . . Parts Fried . | . . . Impact Corruptions . | . . . Robots Melted . | . . . Combat Hostiles . | . . . Parts Melted 1 | . . 1 Heat Transferred 50 | . . 50 Parts Sabotaged . | . . . Parts Stolen . | . . . Parts Stripped . | . . . Power Chain Reactions . | . . . Alert | -11 -10 -10 ------- Run | Yrd Mat Sub Maximum Alert Level . | . . . Low Security (%) 100 | 100 100 . Level 1 . | . . . Level 2 . | . . . Level 3 . | . . . Level 4 . | . . . Level 5 . | . . . High Security . | . . . Max Security . | . . . Peak Influence 70 | 20 70 . Initial . | . . . Average 9 | 2 9 . Influence Increases 543 | 20 338 185 Destroy 0b10 Robot/C 240 | . 160 80 Destroy 0b10 Robot/NC 50 | 20 30 . Destroy Leader 48 | . 48 . Successful Hack 28 | . 28 . Select Force Hacks 30 | . 30 . Disable Machine 15 | . 15 . Destroy Structure 27 | . 27 . Lose Combat Pursuer 105 | . . 105 Influence Decreases 406 | 20 316 70 Entered New Map 11 | . . 11 Time Decay 385 | 20 316 49 Lost Part 10 | . . 10 Squads Dispatched 3 | . 3 . Investigation 1 | . 1 . Extermination . | . . . Reinforcement 2 | . 2 . Assault . | . . . Garrison . | . . . Intercept . | . . . Searches Triggered . | . . . Construction Impeded . | . . . Haulers Reinforced . | . . . Active Scanning Responses . | . . . Cargo Convoy Interrupts . | . . . Stealth | -11 -10 -10 --------- Run | Yrd Mat Sub Distress Signals . | . . . Communications Jammed . | . . . Distress Signals . | . . . Times Spotted 31 | . 16 15 Peak Tracking Total 4 | . 2 4 Tactical Retreats 3 | . . 3 Traps | -11 -10 -10 ------- Run | Yrd Mat Sub Traps Triggered 2 | . 1 1 Indirectly . | . . . Trap Hack Attempts . | . . . Triggered . | . . . Disarmed . | . . . Reprogrammed . | . . . Reused . | . . . Traps Extracted . | . . . Installed . | . . . Triggered . | . . . Machines | -11 -10 -10 ---------- Run | Yrd Mat Sub Machines Disabled 2 | . 1 1 Max in Single Turn 1 | . 1 1 Machines Repaired . | . . . Machines Dismantled . | . . . Machines Sabotaged . | . . . Overloaded Fab Kills . | . . . Hacking | -11 -10 -10 --------- Run | Yrd Mat Sub Machines Accessed 11 | . 8 3 Terminals 7 | . 7 . Fabricators . | . . . Repair Stations . | . . . Recycling Units 1 | . 1 . Scanalyzers . | . . . Garrison Access . | . . . Total Hacks 26 | . 23 3 Successful 15 | . 12 3 Failed 11 | . 11 . Catastrophic 4 | . 4 . Database Lockouts . | . . . Manual 21 | . 21 . Terminals 21 | . 21 . Fabricators . | . . . Repair Stations . | . . . Recycling Units 2 | . 2 . Scanalyzers . | . . . Garrison Access . | . . . Terminal Hacks 6 | . 3 3 Prototype ID Bank 1 | . 1 . Open Door 1 | . . 1 Terminal Index 1 | . 1 . Zone Layout 1 | . 1 . Proto ID Catalog 1 | . . 1 Release Object 1 | . . 1 Fabricator Hacks . | . . . Repair Station Hacks . | . . . Recycling Unit Hacks . | . . . Scanalyzer . | . . . Garrison Access Hacks . | . . . Unauthorized Hacks 9 | . 9 . Terminals 8 | . 8 . Assimilate 1 | . 1 . Botnet 1 | . 1 . Operators 1 | . 1 . Skim 5 | . 5 . Fabricators . | . . . Repair Stations . | . . . Recycling Units 1 | . 1 . Tunnel 1 | . 1 . Scanalyzers . | . . . Garrison Access . | . . . Data Cores Recovered . | . . . Used . | . . . Hacking Detections 7 | . 7 . Full Trace Events . | . . . Feedback Events . | . . . Feedback Blocked . | . . . Robot Schematics Acquired . | . . . Robots Built . | . . . Authchips . | . . . Time . | . . . Total Robot Build Rating . | . . . Part Schematics Acquired . | . . . Parts Built . | . . . Authchips . | . . . Time . | . . . Total Part Build Rating . | . . . Part Studies Acquired . | . . . Parts Repaired . | . . . Time . | . . . Parts Recycled . | . . . Recycled Matter . | . . . Retrieved Matter . | . . . Retrieved Components . | . . . Parts Scanalyzed . | . . . Part Schematics Acquired . | . . . Parts Damaged . | . . . Bothacking | -11 -10 -10 ------------ Run | Yrd Mat Sub Used RIF Installer . | . . . Robots Hacked . | . . . Non-combat . | . . . Combat . | . . . Robot Hacks Applied . | . . . Relay Couplers Released . | . . . Fabnet Peak Effective % . | . . . Robots Rewired . | . . . Allies Hacked . | . . . Hacks Repelled . | . . . Allies | -11 -10 -10 -------- Run | Yrd Mat Sub Total Allies . | . . . Largest Group . | . . . Highest-Rated Group . | . . . Highest-Rated Ally . | . . . Total Orders . | . . . Ally Attacks . | . . . Total Damage . | . . . Kills . | . . . Allies Corrupted . | . . . Allies Melted . | . . . Intel | -11 -10 -10 ------- Run | Yrd Mat Sub Active Infowar (turns) 3086 | 42 2344 700 Seismic 3086 | 42 2344 700 Robot Analysis Total . | . . . Derelict Logs Recovered 1 | . . 1 Drone Launches . | . . . Drone Recoveries . | . . . Exploration | -11 -10 -10 ------------- Run | Yrd Mat Sub Turns Passed 5063 | 142 2344 2577 Spaces Moved 2117 | 71 948 1098 Core 2 | 2 . . Treads 2115 | 69 948 1098 Legs . | . . . Wheels . | . . . Hover . | . . . Flight . | . . . Fastest Speed 50 | 50 160 160 Average Speed 182 | 156 160 203 Slowest Speed 240 | 160 160 240 Overloaded Moves . | . . . Propulsion Burnouts . | . . . Robots Hopped . | . . . Potential Cave-ins . | . . . Cave-ins Triggered . | . . . Exploration Rate (%) 52 | 4 98 54 Regions Visited 2 Branch Regions 1 Pre-discovered Areas 3 | . 2 1 Known Exits Taken . | . . . Unknown Exits Taken 2 | 1 1 . Scrap Searched 2 | . . 2 Spaces Dug 23 | . 16 7 Terrain Destroyed 94 | . 25 69 Melee . | . . . Projectile 25 | . 25 . AOE 69 | . . 69 Terrain Rammed . | . . . Walls Destroyed . | . . . Machines Disabled . | . . . Actions | -11 -10 -10 --------- Run | Yrd Mat Sub Total 2995 | 87 1574 1334 Wait 638 | 1 513 124 Move 2115 | 70 947 1098 Hop . | . . . Pick Up 22 | 3 10 9 Fast Attach 10 | 7 . 3 Attach 5 | . . 5 Detach . | . . . Swap 21 | . 10 11 Drop 19 | . 3 16 Fire 165 | 6 91 68 Melee . | . . . Ram . | . . . Kick . | . . . Crush . | . . . Escape Stasis . | . . . Rewire . | . . . Trap . | . . . Miscellaneous . | . . . Route ------- -11/Scrapyard -10/Materials (discovered 6 exits: [*Mat x3] / [*Min x2] / *Sub) -10/Subcaves (discovered 1 exit: Rec) History --------- Turn | Location | Event 16 | -11/Scrapyard | Discovered new exit (range 14) 143 | -11/Scrapyard | Entered Materials 315 | -10/Materials | Build established: Mutant 650 | -10/Materials | Discovered new exit (range 14) 812 | -10/Materials | Discovered new exit (range 15) 892 | -10/Materials | Discovered new exit (range 11) 1043 | -10/Materials | Derelicts attacked the area 1056 | -10/Materials | Core integrity fell below 50% 1145 | -10/Materials | Discovered new exit (range 15) 1168 | -10/Materials | Discovered new exit (range 10) 1427 | -10/Materials | Discovered new exit (range 6) 1897 | -10/Materials | Loaded intel: 10 interactive machine locations 2039 | -10/Materials | Learned 4 Subcaves zone layouts 2096 | -10/Materials | Learned Storage security intel 2142 | -10/Materials | Learned 4 Recycling zone layouts 2177 | -10/Materials | Learned location of 3 exits from Materials 2220 | -10/Materials | Learned Storage stockpile data 2272 | -10/Materials | Loaded intel: 14 trap records 2335 | -10/Materials | Learned location of Mines (-9) 2487 | -10/Materials | Entered Subcaves 2488 | -10/Subcaves | Identified exit to Recycling 2540 | -10/Subcaves | Learned location of Recycling (-9) 2707 | -10/Subcaves | Visited 4L-MR0's lab 2729 | -10/Subcaves | Found Meta Core 3218 | -10/Subcaves | Lost 3 parts (1p1n1u) 3534 | -10/Subcaves | Found SUBCON Basin 3831 | -10/Subcaves | Core integrity fell below 20% 5064 | -10/Subcaves | Destroyed by Piercing Trap Last Messages --------------- 04134_ Acquired Lgt. Assault Rifle. 04147_ Dropped Sub. Laser. 04148_ Acquired Grenade Launcher. 04348_ Acquired 10 matter. 04360_ Subatomizers dissect the Sub. Power Source. 04686_ S-10 Pest destroyed. 04695_ Flight Unit fries itself beyond repair. 04697_ Lgt. Ion Engine fries itself beyond repair. 04705_ The unstable cave ceiling collapses. 04864_ ZF-FTF(u) deconstructs Twisted Machinery. 04904_ O4-WYV(R) destroyed. 04917_ Lgt. Armor Plating destroyed. 04928_ 18-LPU(R) destroyed. 04939_ Acquired 13 matter. 04956_ Acquired 1 matter. 05064_ Triggered Piercing Trap. 05064_ Spikes shoot up from the floor. 05064_ Critical hit (Impale). Map ----- +----------------------------------------------------+ | ???????????????????????? #?# ##???#" #??# | | ????????????????????????# ##?####????#" ## | | ???????????????????????## ##?????????##"" | | ???????????????????????# #?????####?#> | | ???????????????????????# ##????# ####"" | | ???????????????????????# #????# #?#" ## | | ???????????????????????# ##???## #?#" ### | | ???????????????????????# #?#### ##?#""" "#?## | | ???????????????????????? ### ##??########??# | | ???????????????????????## ## #?????????????? | | ???????????????????????# ### ##?????????????? | | ???????????????????????# ## #####??###????????? | | ???????????????????????## ### #### ##???????? | | ???????????????????????# ## # ##?#####? | | ???????????????????????## ###"""## | | ???????????????????????# ## ""# | | ??????????????????????## ## "##""" | | ?????????????????????## ## #####""" | | ?????????????????????# ### # # """" | | ????????????????????## ## ^ """""! * | | ???????????????????## """"" ! | | ???????????????????# ## """"" | | ??????????????????## ## ""#### | | ?????????? #### #? ???## | | ?????????? ## ##? ????### | | ??????????# @ ### #???####?????## | | ??????????# ^ ##?####?????????????### | | ??????????# ## #?????????????????????## | | ??????????? #### ?## ##??????????????????????# | | ???????????????###???####????????????????????????# | | ?????????????????????????????????????????????????# | | ?????????????????????????????????????????????????? | | ?????????????????????????????????????????????????? | | ?????????????????????????????????????????????????? | | ?????????????????????????????????????????????????? | | ?????????????????????????????????????????????????? | | ?????????????????????????????????????????????????? | | ?????????????????????????????????????????????????? | | ?????????????????????????????????????????????????? | | ?????????????????????????????????????????????????? | | ?????????????????????????????????????????????????? | | ?????????????????????????????????????????????????? | | ?????????????????????????????????????????????????? | | ?????????????????????????????????????????????????? | | ?????????????????????????????????????????????????? | | | | | | | | | | | +----------------------------------------------------+ Best States ------------- Heat Dissipation 25 Energy Generation 15 Energy Capacity 250 Matter Stores 300 Matter Capacity 300 Sight Range 16 Terrain Scan Density 10 Armor Coverage 150 Evasion (%) 40 Recoil Reduction 2 Item Schematics ----------------- None Robot Schematics ------------------ None Fabricated ------------ Nothing Repaired ---------- Nothing Studied --------- None Alien Tech Used ----------------- None Achievements -------------- Art Critic Challenges ------------ None Game ------ Seed NetworkedDroneAutominer Manual? 0 Play Time 00:20:15 Cumulative 137.0 hours Start 2026.03.14 @ 08:27:03 End 2026.03.14 @ 08:46:15 Sessions 1 Manual Loads 0 Difficulty Rogue Special Mode None Game No. 262 Rogue 262 Adventurer 0 Explorer 0 Win Type - Total 3 Types 2/0/0/1/0/0/0/0/0/0 Lore% 58 Gallery% 58 Achievement% 44 Wizard Run 0 Options --------- Layout 2 ASCII 0 Keyboard 1 Movement Numpad Keybinds 0 Fullscreen 1 Font 24/Smallcaps Map View 50x44 Zoom Use 0% Tactical HUD 1 Map Filters NONE Filters NONE Steam 1 RUN: 827df4e8-20d6-4e7f-a6a0-9d83d1736394